 Dungeon Crawl Stone Soup version 0.20.1-1-g8b1a95d (webtiles) character file.

191 vineage the Ruffian (level 5, -1/52 HPs)
             Began as a Troll Fighter on Aug 28, 2017.
             Killed from afar by Ijyb (20 damage)
             ... with a wand of lightning (?/15)
             ... on level 3 of the Dungeon.
             The game lasted 00:03:08 (2008 turns).

vineage the Ruffian (Troll Fighter)                 Turns: 2008, Time: 00:03:08

Health: -1/52      AC:  5    Str: 24    XL:     5   Next: 42%
Magic:  4/4        EV:  8    Int:  4    God:
Gold:   58         SH:  0    Dex: 10    Spells: 4/4 levels left

rFire    . . .     SeeInvis .     - Unarmed
rCold    . . .     Gourm    +   b - +0 shield
rNeg     . . .     Faith    .   a - +0 robe
rPois    .         Spirit   .   (helmet restricted)
rElec    .         Reflect  .   (no cloak)
rCorr    .         Harm     .   (gloves unavailable)
MR       .....                  (boots unavailable)
Stlth    +.........             (no amulet)
Regen    0.6/turn               (no ring)
MPRegen  0.1/turn               (no ring)

@: confused
A: unfitting armour, claws 3, fast metabolism 3, gourmand, regeneration 1,
shaggy fur 1, tough skin 2
a: no special abilities


You were on level 3 of the Dungeon.
You were hungry.

You visited 1 branch of the dungeon, and saw 3 of its levels.

You collected 58 gold pieces.

Inventory:

Armour
 a - a +0 robe (worn)
 b - a +0 shield (worn)
Jewellery
 o - a cursed ring of poison resistance {unknown}
 p - an uncursed ring of flight {unknown}
Scrolls
 c - a scroll of enchant weapon {unknown}
 e - a scroll of teleportation {unknown}
 f - 2 scrolls of identify {unknown}
 g - 2 scrolls of remove curse {unknown}
 h - 2 scrolls of noise {unknown}
 j - 4 scrolls of fog {unknown}
 k - a scroll of enchant armour {unknown}
 n - a scroll of recharging {unknown}
Potions
 i - a potion of heal wounds {unknown}
 q - a potion of flight {unknown}
Comestibles
 d - 3 bread rations


   Skills:
 + Level 2.9 Fighting
 + Level 3.2 Dodging
 + Level 0.2 Stealth
 + Level 3.0 Shields
 + Level 4.0 Unarmed Combat


You had 4 spell levels left.
You didn't know any spells.

Dungeon Overview and Level Annotations

Branches:
Dungeon (3/15)

Altars:

Annotations:
D:3 Ijyb, Sigmund


Innate Abilities, Weirdness & Mutations

You are too large for most types of armour.
You have claws for hands.
Your metabolism is lightning-fast.
You like to eat raw meat.
Your natural rate of healing is unusually fast.
You are covered in fur. (AC +1)
You have very tough skin. (AC +2)


Message History

There is an open door here.
You are feeling hungry.
Ijyb the Twisted Goblin comes into view.
She is wielding a club.
Found 12 gold pieces.
A goblin and Sigmund come into view.
Sigmund shouts!
Ijyb zaps a wand.
The bolt of lightning hits you!
It is a wand of lightning (?/15).
Found a blue potion.
You block Ijyb's attack. Sigmund gestures at you while chanting.
You are confused.
You are too confused!
You are too confused!
Sigmund points at you and mumbles some strange words.
You are more confused.
You scratch Ijyb but do no damage.
Ijyb zaps a wand.
The bolt of lightning misses you. x2
Ijyb zaps a wand.
The bolt of lightning hits you! x2
You die...

...............)..
#.#
....####............
#.#### #
###'#####... #.....
######.######.####
######
..................
.#######.##.....#
#..#..@..#
##.#.....# #.@.g$..#
##g.....#
#..........
#......#... ......##
## .........
.###.##.### .. #!#
.#


You could see Sigmund, Ijyb and a goblin.

Vanquished Creatures
  A water moccasin (D:3)
  The ghost of BGT the Sneak, a weakling SpEn (D:3)
  An adder (D:2)
  2 worms (D:2)
  A dart slug (D:1)
  A giant cockroach (D:2)
  7 goblins (D:2)
  6 hobgoblins
  6 kobolds
  A quokka (D:2)
  6 bats
  4 rats
37 creatures vanquished.

Notes
Turn   | Place    | Note
-------+----------+-------------------------------------------
     0 | D:1      | vineage the Troll Fighter began the quest for the Orb.
     0 | D:1      | Reached XP level 1. HP: 22/22 MP: 0/0
   185 | D:1      | Reached XP level 2. HP: 29/29 MP: 1/1
   772 | D:2      | Reached XP level 3. HP: 33/36 MP: 2/2
  1774 | D:3      | Noticed BGT's ghost (weakling SpEn)
  1799 | D:3      | Killed BGT's ghost
  1799 | D:3      | Reached skill level 3 in Unarmed Combat
  1799 | D:3      | Reached XP level 4. HP: 32/44 MP: 3/3
  1819 | D:3      | Noticed a water moccasin
  1838 | D:3      | Killed a water moccasin
  1838 | D:3      | Reached skill level 4 in Unarmed Combat
  1838 | D:3      | Reached XP level 5. HP: 12/52 MP: 4/4
  2002 | D:3      | Noticed Ijyb
  2003 | D:3      | Noticed Sigmund
  2008 | D:3      | Killed from afar by Ijyb

Skill      XL: |  1  2  3  4 |
---------------+-------------+-----
Unarmed Combat | 3 4 |  4.0
Dodging        | 3 |  3.2
Shields        | 3 |  3.0
Fighting       | |  2.9
Stealth        | |  0.2

Action                   |  1- 3 |  4- 6 || total
-------------------------+-------+-------++-------
Melee: Unarmed           |   108 |    17 ||   125
  Use: Potion            |       |     2 ||     2
  Eat: Meat ration       |     1 |       ||     1
       Chunk             |     3 |     1 ||     4
       Royal jelly       |     2 |     1 ||     3
Armor: Robe              |    33 |     6 ||    39
Dodge: Dodged            |    27 |    10 ||    37
Block: Shield            |    40 |    11 ||    51
